 Dungeon Crawl Stone Soup version 0.22-a0-3-g4fa69d9 (webtiles) character file.

17780 tidbits the Reanimator (level 12, -4/91 HPs)
             Began as a Gnoll Necromancer on Jan 1, 2018.
             Was a High Priest of Cheibriados.
             Slain by a titanic slime creature (69 damage)
             ... on level 14 of the Dungeon.
             The game lasted 00:56:35 (3803 turns).

tidbits the Reanimator (Gnoll Necromancer)          Turns: 3803, Time: 00:56:36

Health: -4/91      AC:  9    Str: 20    XL:     12   Next: 51%
Magic:  20/24      EV: 20    Int: 30    God:    Cheibriados [*****.]
Gold:   508        SH:  0    Dex: 26    Spells: 3/28 levels left

rFire    . . .     SeeInvis .     - Unarmed
rCold    + + +     Gourm    .   (shield currently unavailable)
rNeg     + + .     Faith    +   B - +0 troll leather armour
rPois    .         Spirit   .   E - +1 hat
rElec    .         Reflect  .   C - +2 cloak
rCorr    .         Harm     .   (gloves currently unavailable)
MR       ++...     Clarity  +   (no boots)
Stlth    ++++......             N - amulet of faith
HPRegen  0.65/turn              H - ring of protection from magic
MPRegen  0.19/turn              l - ring of Salvation {*Drain rC+++ rN++ Str-3 Int-3} (curse)

@: blade hands, very slow
A: distributed training, fangs 1, clarity, magic resistance 1, evolution 1,
strong nose
a: End Transformation, Bend Time, Temporal Distortion, Slouch, Step From Time,
Renounce Religion


You were on level 14 of the Dungeon.
You worshipped Cheibriados.
Cheibriados was extremely pleased with you.
You were hungry.
You had blades for hands.
You visited 2 branches of the dungeon, and saw 16 of its levels.
You also visited: Bailey.

You collected 508 gold pieces.

Inventory:

Hand Weapons
 a - a +3 broad axe of electrocution (melded)
   (You found it on level 8 of the Dungeon)
 d - a +0 dagger
 i - a +0 short sword
 j - a +2 flail of protection
   (You took it off an orc on level 5 of the Dungeon)
 m - the +4 spear of Inconvenience {pierce, Dex+4, unknown}
   (You found it in a bailey)

   It inflicts extra damage upon your enemies.
   It affects your dexterity (+4).
 p - the +4 whip "Olubraec" {flame, -Tele rElec rF+ Str+4}
   (You found it on level 6 of the Dungeon)

   It has been specially enchanted to burn those struck by it, causing extra
   injury to most foes and up to half again as much damage against particularly
   susceptible opponents.
   It affects your strength (+4).
   It protects you from fire.
   It insulates you from electricity.
   It prevents most forms of teleportation.
 s - a +3 war axe of freezing
   (You found it on level 4 of the Dungeon)
 F - the +2 dire flail "Dragonbane" {crush, rF++}
   (You found it on level 11 of the Dungeon)

   It inflicts extra damage upon your enemies.
   It greatly protects you from fire.
 P - a +2 morningstar of venom
   (You took it off a wight on level 11 of the Dungeon)
 R - a +0 blowgun
Missiles
 e - 6 tomahawks
 t - 24 tomahawks of returning (quivered)
 z - 40 arrows
 S - 13 poisoned needles
Armour
 h - a +0 robe
 y - a -1 leather armour
 B - a +0 troll leather armour (worn)
 C - a +2 cloak (worn)
 D - a +0 buckler (melded)
 E - a +1 hat (worn)
 G - a +2 pair of gloves (melded)
 O - a +0 robe of magic resistance
   (You took it off an orc wizard on level 11 of the Dungeon)
 U - the cursed +0 robe of Boor {rF+ Str+3 Stlth+, unknown}
   (You found it on level 12 of the Dungeon)

   It affects your strength (+3).
   It protects you from fire.
   It makes you more stealthy.
   It has a curse placed upon it.
Magical Staves
 q - an uncursed staff of cold
   (You found it on level 6 of the Dungeon)
Jewellery
 l - the cursed ring of Salvation (right scythe-like blade) {*Drain rC+++ rN++ Str-3 Int-3}
   (You found it on level 15 of the Dungeon)

   [ring of strength]

   It affects your strength (-3).
   It affects your intelligence (-3).
   It renders you almost immune to cold.
   It greatly protects you from negative energy.
   It causes draining when unequipped.
   It has a curse placed upon it.
 H - a ring of protection from magic (left scythe-like blade)
   (You found it on level 4 of the Dungeon)
 I - an uncursed ring of see invisible
   (You took it off an orc priest on level 10 of the Dungeon)
 N - an amulet of faith (around neck)
   (You found it on level 11 of the Dungeon)
 Q - an uncursed ring of flight
   (You found it on level 11 of the Dungeon)
Wands
 f - a wand of digging (13)
Scrolls
 r - 6 scrolls of remove curse
 w - 5 scrolls of teleportation
 J - 2 scrolls of fog
 K - 2 scrolls of amnesia
Potions
 g - 3 potions of curing
 k - a potion of magic
 n - a potion of flight
 u - a potion of heal wounds
 v - a potion of resistance
 x - a potion of invisibility
 A - 3 potions of lignification
 T - 3 potions of brilliance
Books
 b - a book of Necromancy

   Spells                             Type                      Level
   a - Pain                           Necromancy                   1
   b - Animate Skeleton               Necromancy                   1
   c - Vampiric Draining              Necromancy                   3
   d - Regeneration                   Charms/Necromancy            3
   e - Animate Dead                   Necromancy                   4
   f - Borgnjor's Vile Clutch         Necromancy/Earth             5
 o - a book of Party Tricks
   (You found it on level 14 of the Dungeon)

   Spells                             Type                      Level
   a - Summon Butterflies             Summoning                    1
   b - Apportation                    Translocation                1
   c - Lesser Beckoning               Translocation                3
   d - Tukima's Dance                 Hexes                        3
   e - Alistair's Intoxication        Transmutation/Poison         5
   f - Invisibility                   Hexes                        6
 L - a book of Changes
   (You found it on level 10 of the Dungeon)

   Spells                             Type                      Level
   a - Beastly Appendage              Transmutation                1
   b - Sticks to Snakes               Transmutation                2
   c - Spider Form                    Transmutation/Poison         3
   d - Ice Form                       Ice/Transmutation            4
   e - Blade Hands                    Transmutation                5
 V - a book of Battle
   (You found it on level 13 of the Dungeon)

   Spells                             Type                      Level
   a - Infusion                       Charms                       1
   b - Shroud of Golubria             Charms/Translocation         2
   c - Song of Slaying                Charms                       2
   d - Spectral Weapon                Hexes/Charms                 3
   e - Regeneration                   Charms/Necromancy            3
Comestibles
 c - 10 rations


   Skills:
 + Level 7.2 Fighting
 + Level 7.2 Short Blades
 + Level 7.2 Long Blades
 + Level 7.2 Axes
 + Level 7.2 Maces & Flails
 + Level 7.2 Polearms
 + Level 7.2 Staves
 + Level 7.2 Slings
 + Level 7.2 Bows
 + Level 7.2 Crossbows
 + Level 7.2 Throwing
 + Level 7.2 Armour
 + Level 8.6 Dodging
 + Level 8.4 Stealth
 + Level 7.2 Shields
 + Level 7.2 Unarmed Combat
 + Level 8.9 Spellcasting
 + Level 6.0 Conjurations
 + Level 6.0 Hexes
 + Level 6.0 Charms
 + Level 6.0 Summonings
 + Level 9.4 Necromancy
 + Level 6.0 Translocations
 + Level 6.0 Transmutations
 + Level 6.0 Fire Magic
 + Level 6.0 Ice Magic
 + Level 6.0 Air Magic
 + Level 6.0 Earth Magic
 + Level 6.0 Poison Magic
 + Level 7.9 Invocations
 + Level 7.2 Evocations


You had 3 spell levels left.
You knew the following spells:

 Your Spells              Type           Power        Failure   Level  Hunger
a - Pain                  Necr           ####         7%          1    None
d - Vampiric Draining     Necr           ######....   10%         3    None
h - Blade Hands           Tmut           #####.....   47%         5    ####...
k - Sticks to Snakes      Tmut           #####...     12%         2    None
n - Animate Skeleton      Necr           N/A          7%          1    None
r - Regeneration          Chrm/Necr      ######....   12%         3    None
v - Borgnjor's Vile Clut  Necr/Erth      ######....   32%         5    ####...
w - Spectral Weapon       Hex/Chrm       #####...     16%         3    None
y - Song of Slaying       Chrm           #####...     12%         2    None


Dungeon Overview and Level Annotations

Branches:
Dungeon (15/15)            Temple (1/1) D:7            Lair (0/6) D:9
    Orc: D:9-12      Vaults: D:13-14     Depths: D:15

Altars:
Cheibriados
Dithmenos
Gozag
Nemelex Xobeh
Qazlal
Ru
Sif Muna
Trog
Vehumet
Wu Jian
Xom
Yredelemnul
Zin
The Shining One

Annotations:
D:4 Edmund
D:5 2 transporters
D:8 anet's ghost, novice MfFi


Innate Abilities, Weirdness & Mutations

Your experience applies equally to all skills.
You have very sharp teeth.
Your uncanny sense of smell can sniff out nearby items.
You possess an exceptional clarity of mind.
You are resistant to hostile enchantments. (MR+)
You evolve.


Message History

The slime creature is moderately wounded.
The slime creature barely misses you.
Casting: Animate Skeleton
Confirm with . or Enter, or press ? or * to list all spells.
You can't see any susceptible monsters within range! (Use Z to cast anyway.) Unknown command.
You slash the slime creature!
You bite the slime creature, but do no damage.
The slime creature is severely wounded.
The slime creature closely misses you.
You slash the slime creature!
The slime creature is almost dead.
The slime creature misses you.
You hit the slime creature.
The slime creature is almost dead.
The slime creature hits you but does no damage.
You hit the slime creature but do no damage.
You bite the slime creature.
The slime creature is almost dead.
The slime creature closely misses you.
The slime creature completely misses you.
You hit the slime creature.
Lightning courses through the slime creature!
You kill the slime creature!
Cheibriados appreciates the change of pace. 2 slime creatures come into view.
Found 22 bolts. 3 slime creatures and a hornet come into view.
Found 18 arrows and a robe.
The helpless slime creature fails to defend itself.
You hit the slime creature.
The slime creature is lightly wounded.
The slime creature misses you.
You slash the slime creature!
The slime creature is moderately wounded.
The slime creature quivers. x3
The slime creature closely misses you.
Evoke which item? (* to show all) (? for menu, Esc to quit)
Okay, then.
You barely miss the slime creature.
You bite the slime creature, but do no damage.
You block the slime creature's attack.
Two slime creatures merge to form a large slime creature.
Unknown command.
A slime creature suddenly becomes a large slime creature.
Two slime creatures merge to form an enormous slime creature.
A slime creature suddenly becomes a titanic slime creature.
Unknown command.
Evoke which item? (* to show all) (? for menu, Esc to quit)
Aiming: Cloud Cone
Press: ? - help, Dir - move target cursor, f - titanic slime creature
Aim: a titanic slime creature (lightly wounded)
You create a blast of freezing vapour!
The now-empty wand crumbles to dust.
Unknown command.
Okay, then.
Wield which item (- for none, * to show all)? (? for menu, Esc to quit)
Okay, then.
Unknown command.
Okay, then.
Wield which item (- for none, * to show all)? (? for menu, Esc to quit)
Okay, then.
Casting: Animate Skeleton
Confirm with . or Enter, or press ? or * to list all spells.
Your hands turn into razor-sharp scythe blades.
Your +3 broad axe of electrocution melds into your body.
Your +2 pair of gloves melds into your body.
Your +0 buckler melds into your body.
Your +3 broad axe of electrocution stops crackling.
You are feeling hungry.
The titanic slime creature is engulfed in freezing vapours.
The titanic slime creature misses you.
You slash the titanic slime creature!
The titanic slime creature is lightly wounded.
The titanic slime creature is engulfed in freezing vapours.
The titanic slime creature completely misses you.
You slice the titanic slime creature!!
The titanic slime creature is moderately wounded.
The titanic slime creature is engulfed in freezing vapours.
The titanic slime creature misses you.
You hit the titanic slime creature.
The titanic slime creature is moderately wounded.
The titanic slime creature is engulfed in freezing vapours.
The titanic slime creature hits you!
You hit the titanic slime creature.
The titanic slime creature is moderately wounded.
The titanic slime creature is engulfed in freezing vapours.
The titanic slime creature completely misses you.
You slice the titanic slime creature!! You slash the titanic slime creature!
The titanic slime creature is heavily wounded.
You slash the titanic slime creature! x2
The titanic slime creature is severely wounded.
The titanic slime creature is engulfed in freezing vapours.
The titanic slime creature hits you!
You slice the titanic slime creature!!
Your bite misses the titanic slime creature.
The titanic slime creature is severely wounded.
The titanic slime creature is engulfed in freezing vapours.
The titanic slime creature hits you!!!
Ouch! That really hurt!
You die...

.........
.........
.........
...§§§..#
...§§§§.#
.(.§§§§.#
....§§§§#
.....y§J##
......J#@#
∆
...(...#.##
......##..#
y...## ##.#
.[## #.## .
##.########
#.........
#.(.......
#.#########


You could see a titanic slime creature and a hornet.

Vanquished Creatures
  Snorg (D:10)
  3 hydras (D:11)
  A centaur warrior (D:13)
  A death knight (D:11)
  A two-headed ogre (D:10)
  A deep elf mage (D:15)
  An ugly thing (D:11)
  4 cyclopes
  Joseph (D:7)
  2 centaur skeletons
  A freezing wraith (D:13)
  A hornet (D:11)
  3 trolls
  A slime creature (D:14)
  A shadow (D:11)
  A vampire (D:11)
  Eustachio (D:5)
  A wyvern (D:8)
  2 wraiths
  11 yaks
  A hungry ghost (D:10)
  Grum (D:10)
  2 vampire mosquitoes (D:15)
  A black bear (D:9)
  A hornet zombie (D:11)
  A sky beast (D:8)
  5 orc warriors
  2 ice beasts
  An eye of draining (D:10)
  4 ogres
  3 wolves (D:10)
  2 centaurs
  Blork the orc (D:5)
  4 bullfrogs
  2 big kobolds
  2 wyvern skeletons
  A hornet simulacrum (D:15)
  A scorpion (D:6)
  10 wights
  A crimson imp (D:5)
  A bullfrog zombie (D:13)
  2 centaur zombies (D:10)
  2 quasits
  3 jellies
  7 orc wizards
  5 orc priests
  4 hounds
  A bullfrog skeleton (D:5)
  An iguana (D:7)
  7 worker ants
  A killer bee zombie (D:8)
  A worker ant zombie (D:8)
  A howler monkey skeleton (D:4)
  4 gnolls
  7 adders
  2 oozes (D:4)
  An adder zombie (D:10)
  An adder skeleton (D:7)
  A worm (D:6)
  2 dart slugs
  30 orcs
  3 ball pythons
  2 giant cockroaches
  2 goblins
  5 hobgoblins
  11 jackals
  A quokka (D:6)
  2 bats (D:2)
  5 frilled lizards
  14 kobolds
  2 rats (D:2)
216 creatures vanquished.

Vanquished Creatures (collateral kills)
  A tengu reaver (D:11)
  A sky beast (D:11)
  An orc warrior (D:6)
  An ice beast (D:10)
  A centaur (D:11)
  2 centaur skeletons
  A worker ant (D:4)
  An adder (D:6)
  A shadow imp (D:10)
  An adder skeleton (D:6)
  A worm (D:4)
  5 orcs
  10 kobolds
27 creatures vanquished.

Grand Total: 243 creatures vanquished

Notes
Turn   | Place    | Note
-------+----------+-------------------------------------------
     0 | D:1      | tidbits the Gnoll Necromancer began the quest for the Orb.
     0 | D:1      | Reached XP level 1. HP: 13/13 MP: 6/6
   106 | D:1      | Reached XP level 2. HP: 4/19 MP: 0/7
   109 | D:1      | Learned a level 1 spell: Animate Skeleton
   350 | D:2      | Reached XP level 3. HP: 20/25 MP: 6/9
   384 | D:2      | Reached skill level 5 in Spellcasting
   390 | D:2      | Learned a level 3 spell: Vampiric Draining
   394 | D:2      | Learned a level 3 spell: Regeneration
   421 | D:2      | Reached skill level 1 in Invocations
   436 | D:2      | HP: 1/25 [gnoll/halberd (6)]
   516 | D:3      | Reached skill level 1 in Fighting
   516 | D:3      | Reached skill level 1 in Short Blades
   516 | D:3      | Reached skill level 1 in Long Blades
   516 | D:3      | Reached skill level 1 in Axes
   516 | D:3      | Reached skill level 1 in Maces & Flails
   516 | D:3      | Reached skill level 1 in Polearms
   516 | D:3      | Reached skill level 1 in Staves
   516 | D:3      | Reached skill level 1 in Slings
   516 | D:3      | Reached skill level 1 in Bows
   516 | D:3      | Reached skill level 1 in Crossbows
   516 | D:3      | Reached skill level 1 in Throwing
   516 | D:3      | Reached skill level 1 in Armour
   516 | D:3      | Reached skill level 1 in Shields
   516 | D:3      | Reached skill level 1 in Unarmed Combat
   516 | D:3      | Reached skill level 1 in Evocations
   549 | D:3      | Reached XP level 4. HP: 23/32 MP: 1/11
   653 | D:4      | Noticed a phantom
   654 | D:4      | Noticed Eustachio
   710 | D:4      | Reached skill level 1 in Conjurations
   710 | D:4      | Reached skill level 1 in Hexes
   710 | D:4      | Reached skill level 1 in Charms
   710 | D:4      | Reached skill level 1 in Summonings
   710 | D:4      | Reached skill level 1 in Translocations
   710 | D:4      | Reached skill level 1 in Transmutations
   710 | D:4      | Reached skill level 1 in Fire Magic
   710 | D:4      | Reached skill level 1 in Ice Magic
   710 | D:4      | Reached skill level 1 in Air Magic
   710 | D:4      | Reached skill level 1 in Earth Magic
   710 | D:4      | Reached skill level 1 in Poison Magic
   725 | D:4      | Noticed Edmund
   747 | D:4      | Reached XP level 5. HP: 29/37 MP: 6/12
   828 | D:4      | Noticed an ogre
   838 | D:4      | Killed an ogre
   838 | D:4      | Reached XP level 6. HP: 35/44 MP: 0/13
   888 | D:4      | Reached skill level 2 in Invocations
  1013 | D:4      | Learned a level 5 spell: Borgnjor's Vile Clutch
  1019 | D:5      | Entered Level 5 of the Dungeon
  1037 | D:5      | Noticed Blork the orc
  1053 | D:5      | Reached skill level 5 in Dodging
  1053 | D:5      | Killed Blork the orc
  1053 | D:5      | Reached skill level 2 in Fighting
  1053 | D:5      | Reached skill level 2 in Short Blades
  1053 | D:5      | Reached skill level 2 in Long Blades
  1053 | D:5      | Reached skill level 2 in Axes
  1053 | D:5      | Reached skill level 2 in Maces & Flails
  1053 | D:5      | Reached skill level 2 in Polearms
  1053 | D:5      | Reached skill level 2 in Staves
  1053 | D:5      | Reached skill level 2 in Slings
  1053 | D:5      | Reached skill level 2 in Bows
  1053 | D:5      | Reached skill level 2 in Crossbows
  1053 | D:5      | Reached skill level 2 in Throwing
  1053 | D:5      | Reached skill level 2 in Armour
  1053 | D:5      | Reached skill level 2 in Shields
  1053 | D:5      | Reached skill level 2 in Unarmed Combat
  1053 | D:5      | Reached skill level 2 in Evocations
  1063 | D:5      | Killed Eustachio
  1063 | D:5      | Reached XP level 7. HP: 51/51 MP: 0/15
  1076 | D:5      | Reached skill level 2 in Conjurations
  1076 | D:5      | Reached skill level 2 in Hexes
  1076 | D:5      | Reached skill level 2 in Charms
  1076 | D:5      | Reached skill level 2 in Summonings
  1076 | D:5      | Reached skill level 2 in Translocations
  1076 | D:5      | Reached skill level 2 in Transmutations
  1076 | D:5      | Reached skill level 2 in Fire Magic
  1076 | D:5      | Reached skill level 2 in Ice Magic
  1076 | D:5      | Reached skill level 2 in Air Magic
  1076 | D:5      | Reached skill level 2 in Earth Magic
  1076 | D:5      | Reached skill level 2 in Poison Magic
  1177 | D:5      | Found a transporter.
  1195 | D:5      | Found a transporter.
  1199 | D:5      | Noticed a hungry ghost
  1213 | D:5      | Found a stormy altar of Qazlal.
  1215 | D:5      | Noticed a soldier ant
  1322 | D:6      | Reached skill level 5 in Stealth
  1323 | D:6      | Reached skill level 3 in Invocations
  1353 | D:6      | Got a polished hand crossbow
  1358 | D:6      | Got a polished whip
  1380 | D:5      | Reached XP level 8. HP: 49/57 MP: 8/16
  1395 | D:6      | Identified the +4 whip "Olubraec" {flame, -Tele rElec rF+ Str+4} (You found it on level 6 of the Dungeon)
  1396 | D:6      | Identified the +7 hand crossbow of Kindness {flame, *Drain MR+ Dex+5} (You found it on level 6 of the Dungeon)
  1493 | D:6      | Reached skill level 3 in Fighting
  1493 | D:6      | Reached skill level 3 in Short Blades
  1493 | D:6      | Reached skill level 3 in Long Blades
  1493 | D:6      | Reached skill level 3 in Axes
  1493 | D:6      | Reached skill level 3 in Maces & Flails
  1493 | D:6      | Reached skill level 3 in Polearms
  1493 | D:6      | Reached skill level 3 in Staves
  1493 | D:6      | Reached skill level 3 in Slings
  1493 | D:6      | Reached skill level 3 in Bows
  1493 | D:6      | Reached skill level 3 in Crossbows
  1493 | D:6      | Reached skill level 3 in Throwing
  1493 | D:6      | Reached skill level 3 in Armour
  1493 | D:6      | Reached skill level 3 in Shields
  1493 | D:6      | Reached skill level 3 in Unarmed Combat
  1493 | D:6      | Reached skill level 3 in Evocations
  1514 | D:6      | Reached skill level 6 in Spellcasting
  1583 | D:7      | Noticed Joseph
  1605 | D:7      | Killed Joseph
  1605 | D:7      | Reached skill level 6 in Dodging
  1605 | D:7      | Reached skill level 3 in Conjurations
  1605 | D:7      | Reached skill level 3 in Hexes
  1605 | D:7      | Reached skill level 3 in Charms
  1605 | D:7      | Reached skill level 3 in Summonings
  1605 | D:7      | Reached skill level 3 in Translocations
  1605 | D:7      | Reached skill level 3 in Transmutations
  1605 | D:7      | Reached skill level 3 in Fire Magic
  1605 | D:7      | Reached skill level 3 in Ice Magic
  1605 | D:7      | Reached skill level 3 in Air Magic
  1605 | D:7      | Reached skill level 3 in Earth Magic
  1605 | D:7      | Reached skill level 3 in Poison Magic
  1605 | D:7      | Reached skill level 4 in Invocations
  1605 | D:7      | Reached XP level 9. HP: 20/65 MP: 13/18
  1607 | D:7      | HP: 5/65 [centaur/arrow (15)]
  1613 | D:7      | Found a staircase to the Ecumenical Temple.
  1773 | D:8      | Noticed anet's ghost (novice MfFi)
  1857 | D:8      | Reached skill level 4 in Fighting
  1857 | D:8      | Reached skill level 4 in Short Blades
  1857 | D:8      | Reached skill level 4 in Long Blades
  1857 | D:8      | Reached skill level 4 in Axes
  1857 | D:8      | Reached skill level 4 in Maces & Flails
  1857 | D:8      | Reached skill level 4 in Polearms
  1857 | D:8      | Reached skill level 4 in Staves
  1857 | D:8      | Reached skill level 4 in Slings
  1857 | D:8      | Reached skill level 4 in Bows
  1857 | D:8      | Reached skill level 4 in Crossbows
  1857 | D:8      | Reached skill level 4 in Throwing
  1857 | D:8      | Reached skill level 4 in Armour
  1857 | D:8      | Reached skill level 4 in Shields
  1857 | D:8      | Reached skill level 4 in Unarmed Combat
  1857 | D:8      | Reached skill level 4 in Evocations
  1955 | Temple   | Entered the Ecumenical Temple
  1958 | Temple   | Became a worshipper of Cheibriados the Contemplative
  2016 | D:8      | Reached skill level 6 in Stealth
  2016 | D:8      | Reached skill level 8 in Necromancy
  2102 | D:9      | Found a staircase to the Lair.
  2184 | D:10     | Entered Level 10 of the Dungeon
  2198 | D:10     | Reached skill level 5 in Invocations
  2200 | D:10     | Reached skill level 7 in Spellcasting
  2200 | D:10     | Reached XP level 10. HP: 21/73 MP: 8/20
  2246 | D:10     | Reached * piety under Cheibriados
  2250 | D:10     | Reached skill level 4 in Conjurations
  2250 | D:10     | Reached skill level 4 in Hexes
  2250 | D:10     | Reached skill level 4 in Charms
  2250 | D:10     | Reached skill level 4 in Summonings
  2250 | D:10     | Reached skill level 4 in Translocations
  2250 | D:10     | Reached skill level 4 in Transmutations
  2250 | D:10     | Reached skill level 4 in Fire Magic
  2250 | D:10     | Reached skill level 4 in Ice Magic
  2250 | D:10     | Reached skill level 4 in Air Magic
  2250 | D:10     | Reached skill level 4 in Earth Magic
  2250 | D:10     | Reached skill level 4 in Poison Magic
  2313 | D:11     | Noticed a red ugly thing
  2319 | D:11     | Got an ancient dire flail
  2320 | D:11     | Identified the cursed +2 dire flail "Dragonbane" {crush, rF++} (You found it on level 11 of the Dungeon)
  2456 | D:10     | Learned a level 2 spell: Sticks to Snakes
  2464 | D:10     | Noticed a two-headed ogre
  2468 | D:10     | Noticed Snorg
  2475 | D:10     | Reached skill level 5 in Fighting
  2475 | D:10     | Reached skill level 5 in Short Blades
  2475 | D:10     | Reached skill level 5 in Long Blades
  2475 | D:10     | Reached skill level 5 in Axes
  2475 | D:10     | Reached skill level 5 in Maces & Flails
  2475 | D:10     | Reached skill level 5 in Polearms
  2475 | D:10     | Reached skill level 5 in Staves
  2475 | D:10     | Reached skill level 5 in Slings
  2475 | D:10     | Reached skill level 5 in Bows
  2475 | D:10     | Reached skill level 5 in Crossbows
  2475 | D:10     | Reached skill level 5 in Throwing
  2475 | D:10     | Reached skill level 5 in Armour
  2475 | D:10     | Reached skill level 5 in Shields
  2475 | D:10     | Reached skill level 5 in Unarmed Combat
  2475 | D:10     | Reached skill level 5 in Evocations
  2483 | D:10     | Killed Snorg
  2483 | D:10     | Reached skill level 7 in Dodging
  2484 | D:10     | Killed a two-headed ogre
  2484 | D:10     | Reached skill level 7 in Stealth
  2484 | D:10     | Reached skill level 6 in Invocations
  2561 | D:10     | Noticed Grum
  2570 | D:10     | Found a flagged portal.
  2579 | D:10     | Reached XP level 11. HP: 24/81 MP: 3/22
  2604 | D:10     | Killed Grum
  2605 | D:10     | Reached ** piety under Cheibriados
  2637 | Bailey   | Entered a bailey
  2676 | Bailey   | Got an ichor-stained spear
  2692 | Bailey   | Found a bloodstained altar of Trog.
  2905 | D:11     | HP: 8/81 [red ugly thing (17)]
  2906 | D:11     | Killed a red ugly thing
  2906 | D:11     | Reached skill level 6 in Fighting
  2906 | D:11     | Reached skill level 6 in Short Blades
  2906 | D:11     | Reached skill level 6 in Long Blades
  2906 | D:11     | Reached skill level 6 in Axes
  2906 | D:11     | Reached skill level 6 in Maces & Flails
  2906 | D:11     | Reached skill level 6 in Polearms
  2906 | D:11     | Reached skill level 6 in Staves
  2906 | D:11     | Reached skill level 6 in Slings
  2906 | D:11     | Reached skill level 6 in Bows
  2906 | D:11     | Reached skill level 6 in Crossbows
  2906 | D:11     | Reached skill level 6 in Throwing
  2906 | D:11     | Reached skill level 6 in Armour
  2906 | D:11     | Reached skill level 6 in Shields
  2906 | D:11     | Reached skill level 6 in Unarmed Combat
  2906 | D:11     | Reached skill level 6 in Evocations
  2936 | D:11     | Found a runed door.
  2941 | D:11     | Noticed an eight-headed hydra
  2944 | D:11     | Reached skill level 5 in Conjurations
  2944 | D:11     | Reached skill level 5 in Hexes
  2944 | D:11     | Reached skill level 5 in Charms
  2944 | D:11     | Reached skill level 5 in Summonings
  2944 | D:11     | Reached skill level 5 in Translocations
  2944 | D:11     | Reached skill level 5 in Transmutations
  2944 | D:11     | Reached skill level 5 in Fire Magic
  2944 | D:11     | Reached skill level 5 in Ice Magic
  2944 | D:11     | Reached skill level 5 in Air Magic
  2944 | D:11     | Reached skill level 5 in Earth Magic
  2944 | D:11     | Reached skill level 5 in Poison Magic
  2946 | D:11     | Killed an eight-headed hydra
  2946 | D:11     | Reached skill level 8 in Spellcasting
  2960 | D:11     | Noticed a seven-headed hydra
  2960 | D:11     | Noticed a death knight
  2960 | D:11     | Noticed an eight-headed hydra
  2965 | D:11     | Killed an eight-headed hydra
  2965 | D:11     | Killed a seven-headed hydra
  2965 | D:11     | Reached skill level 9 in Necromancy
  2965 | D:11     | Reached skill level 7 in Invocations
  2967 | D:11     | Killed a death knight
  2967 | D:11     | Reached *** piety under Cheibriados
  2967 | D:11     | Reached skill level 8 in Dodging
  2982 | D:11     | Noticed a tengu reaver
  3014 | D:11     | Killed a tengu reaver
  3029 | D:11     | Gained mutation: You evolve. [potion of mutation]
  3029 | D:11     | Gained mutation: You possess an exceptional clarity of mind. [potion of mutation]
  3180 | D:11     | Reached skill level 8 in Stealth
  3199 | D:11     | Reached XP level 12. HP: 89/89 MP: 18/24
  3237 | D:12     | Got a ripped robe
  3244 | D:12     | Got a crystal rapier
  3245 | D:12     | Identified the +2 rapier "Keanuk" {drain, rElec MR- Dex+9} (You found it on level 12 of the Dungeon)
  3325 | D:13     | Reached **** piety under Cheibriados
  3339 | D:13     | Learned a level 2 spell: Song of Slaying
  3343 | D:13     | Learned a level 3 spell: Spectral Weapon
  3435 | D:13     | Noticed a centaur warrior
  3445 | D:13     | Killed a centaur warrior
  3478 | D:13     | Learned a level 5 spell: Blade Hands
  3509 | D:13     | Reached skill level 7 in Fighting
  3509 | D:13     | Reached skill level 7 in Short Blades
  3509 | D:13     | Reached skill level 7 in Long Blades
  3509 | D:13     | Reached skill level 7 in Axes
  3509 | D:13     | Reached skill level 7 in Maces & Flails
  3509 | D:13     | Reached skill level 7 in Polearms
  3509 | D:13     | Reached skill level 7 in Staves
  3509 | D:13     | Reached skill level 7 in Slings
  3509 | D:13     | Reached skill level 7 in Bows
  3509 | D:13     | Reached skill level 7 in Crossbows
  3509 | D:13     | Reached skill level 7 in Throwing
  3509 | D:13     | Reached skill level 7 in Armour
  3509 | D:13     | Reached skill level 7 in Shields
  3509 | D:13     | Reached skill level 7 in Unarmed Combat
  3509 | D:13     | Reached skill level 7 in Evocations
  3522 | D:13     | Gained mutation: You are resistant to hostile enchantments. (MR+) [evolution]
  3694 | D:14     | Reached ***** piety under Cheibriados
  3705 | D:15     | Entered Level 15 of the Dungeon
  3729 | D:15     | Reached skill level 6 in Conjurations
  3729 | D:15     | Reached skill level 6 in Hexes
  3729 | D:15     | Reached skill level 6 in Charms
  3729 | D:15     | Reached skill level 6 in Summonings
  3729 | D:15     | Reached skill level 6 in Translocations
  3729 | D:15     | Reached skill level 6 in Transmutations
  3729 | D:15     | Reached skill level 6 in Fire Magic
  3729 | D:15     | Reached skill level 6 in Ice Magic
  3729 | D:15     | Reached skill level 6 in Air Magic
  3729 | D:15     | Reached skill level 6 in Earth Magic
  3729 | D:15     | Reached skill level 6 in Poison Magic
  3731 | D:15     | Got a flickering brass ring
  3739 | D:15     | Identified the cursed ring of Salvation {*Drain rC+++ rN++ Str-3 Int-3} (You found it on level 15 of the Dungeon)
  3803 | D:14     | Slain by a titanic slime creature

Vault maps used:
D:1:      dpeg_arrival_simpleton_b
D:3:      portal_sewer_entry_e, first_ration
D:4:      minmay_misc_feat_roman, uniq_eustachio, uniq_edmund
D:5:      gammafunk_temple_overflow_arena, uniq_blork_the_orc
D:7:      minmay_temple_entry_from_below_a, uniq_joseph
D:8:      blue_anna_alchemist, roderic_roman_lattice, grunt_ministairs_2
D:9:      dpeg_oklobed_lair, hangedman_glass_teeth
D:10:     enter_bailey_2, uniq_snorg, uniq_grum
D:11:     lightli_airlock, uniq_nergalle
D:12:     david_orc_3
D:13:     nicolae_blasting_shop
D:14:     david_vaults_5, hangedman_abyss_or_decor_stagger
D:15:     gammafunk_enter_depths_forms, serial_park_avenue1, uniq_josephine,
          uniq_roxanne, uniq_louise
Temple:   dpeg_three_leaves_temple
Bailey:   bailey_axe_3, bailey

Skill      XL: |  1  2  3  4  5  6  7  8  9 10 11 12 |
---------------+-------------------------------------+-----
Spellcasting   | 5 6 7 8 |  8.9
Invocations    | 1 2 3 4 5 6 7 |  7.9
Fighting       | 1 2 3 4 5 6 7 |  7.2
Short Blades   | 1 2 3 4 5 6 7 |  7.2
Long Blades    | 1 2 3 4 5 6 7 |  7.2
Axes           | 1 2 3 4 5 6 7 |  7.2
Maces & Flails | 1 2 3 4 5 6 7 |  7.2
Polearms       | 1 2 3 4 5 6 7 |  7.2
Staves         | 1 2 3 4 5 6 7 |  7.2
Slings         | 1 2 3 4 5 6 7 |  7.2
Bows           | 1 2 3 4 5 6 7 |  7.2
Crossbows      | 1 2 3 4 5 6 7 |  7.2
Throwing       | 1 2 3 4 5 6 7 |  7.2
Armour         | 1 2 3 4 5 6 7 |  7.2
Shields        | 1 2 3 4 5 6 7 |  7.2
Unarmed Combat | 1 2 3 4 5 6 7 |  7.2
Evocations     | 1 2 3 4 5 6 7 |  7.2
Conjurations   | 1 2 3 4 5 6 |  6.0
Hexes          | 1 2 3 4 5 6 |  6.0
Charms         | 1 2 3 4 5 6 |  6.0
Summonings     | 1 2 3 4 5 6 |  6.0
Translocations | 1 2 3 4 5 6 |  6.0
Transmutations | 1 2 3 4 5 6 |  6.0
Fire Magic     | 1 2 3 4 5 6 |  6.0
Ice Magic      | 1 2 3 4 5 6 |  6.0
Air Magic      | 1 2 3 4 5 6 |  6.0
Earth Magic    | 1 2 3 4 5 6 |  6.0
Poison Magic   | 1 2 3 4 5 6 |  6.0
Dodging        | 5 6 7 8 |  8.6
Stealth        | 5 6 7 8 |  8.4
Necromancy     | 8 9 |  9.4

Action                   |  1- 3 |  4- 6 |  7- 9 | 10-12 || total
-------------------------+-------+-------+-------+-------++-------
Melee: Unarmed           |     4 |       |       |     7 ||    11
       Bite              |     1 |     4 |    15 |    26 ||    46
       Dagger            |     4 |     3 |     3 |     2 ||    12
       Falchion          |       |    15 |       |       ||    15
       Club              |       |     9 |       |     6 ||    15
       War axe           |       |    15 |    61 |    46 ||   122
       Rapier            |       |       |    50 |       ||    50
       Punch             |       |       |     5 |     5 ||    10
       Flail             |       |       |    30 |    19 ||    49
       Dire flail        |       |       |       |    17 ||    17
       Broad axe         |       |       |       |    34 ||    34
Throw: Throwing net      |     2 |       |     2 |       ||     4
       Tomahawk          |       |       |     1 |    14 ||    15
 Cast: Pain              |    38 |    41 |    41 |     2 ||   122
       Regeneration      |     2 |     4 |     7 |    12 ||    25
       Borgnjor's Vile C |       |     2 |     5 |    29 ||    36
       Vampiric Draining |       |     1 |     7 |     8 ||    16
       Animate Skeleton  |       |     1 |     6 |     9 ||    16
       Sticks to Snakes  |       |       |       |     7 ||     7
       Blade Hands       |       |       |       |     1 ||     1
       Song of Slaying   |       |       |       |     1 ||     1
Evoke: Wand              |       |     2 |    11 |     8 ||    21
       Phantom mirror    |       |       |       |     1 ||     1
  Use: Scroll            |     2 |     2 |     8 |    16 ||    28
       Potion            |     3 |     1 |     5 |     4 ||    13
 Stab: Sleeping          |     2 |     1 |     3 |     8 ||    14
       Held in net/web   |     1 |       |       |       ||     1
       Distracted        |       |       |     1 |     1 ||     2
       Confused          |       |       |       |     1 ||     1
  Eat: Chunk             |       |     1 |     6 |     5 ||    12
       Ration            |       |       |       |     2 ||     2
Armor: Robe              |     4 |     7 |    45 |    23 ||    79
       Troll leather arm |       |       |       |    46 ||    46
Dodge: Dodged            |     9 |    52 |   183 |   296 ||   540
Block: Buckler           |       |       |       |    16 ||    16
       Rpst.: Falchion   |       |     6 |       |       ||     6

Table legend:
 A = Spawn XP
 B = Non-spawn XP
 C = Spawn XP percentage of total XP
 D = Spawn monster count
 E = Non-spawn monster count
 F = Spawn count percentage of total count
 G = Total turns spent on level
                    A         B        C        D         E        F      G
               +---------+---------+-------+---------+---------+-------+---------
         Total |       0 |   25401 |   0.0 |       0 |     243 |   0.0 |  3803
               +---------+---------+-------+---------+---------+-------+---------
           D:1 |       0 |      19 |   0.0 |       0 |       9 |   0.0 |   338
           D:2 |       0 |      54 |   0.0 |       0 |      12 |   0.0 |   111
           D:3 |       0 |      32 |   0.0 |       0 |      10 |   0.0 |   231
           D:4 |       0 |     335 |   0.0 |       0 |      18 |   0.0 |   375
           D:5 |       0 |     651 |   0.0 |       0 |      19 |   0.0 |   278
           D:6 |       0 |     683 |   0.0 |       0 |      22 |   0.0 |   258
           D:7 |       0 |     899 |   0.0 |       0 |      10 |   0.0 |   123
           D:8 |       0 |     681 |   0.0 |       0 |      11 |   0.0 |   321
           D:9 |       0 |     179 |   0.0 |       0 |       5 |   0.0 |   177
          D:10 |       0 |    6721 |   0.0 |       0 |      39 |   0.0 |   456
          D:11 |       0 |    7877 |   0.0 |       0 |      34 |   0.0 |   397
          D:12 |       0 |      85 |   0.0 |       0 |       1 |   0.0 |    49
          D:13 |       0 |    2990 |   0.0 |       0 |      22 |   0.0 |   350
          D:14 |       0 |    1779 |   0.0 |       0 |       7 |   0.0 |   137
          D:15 |       0 |    2008 |   0.0 |       0 |       8 |   0.0 |    55
        Bailey |       0 |     408 |   0.0 |       0 |      16 |   0.0 |   140
               +---------+---------+-------+---------+---------+-------+---------

Table legend:
 A = Turns spent in this place as a percentage of turns spent in the entire game.
 B = Non-inter-level travel turns spent in this place as a percentage of non-inter-level travel turns spent in the entire game.
 C = Inter-level travel turns spent in this place as a percentage of turns spent in this place.
 D = Turns resting spent in this place as a percentage of non-inter-level travel turns spent in this place.
 E = Turns spent auto-exploring this place as a percentage of non-inter-level travel turns spent in this place.
 F = Non-inter-level travel turns spent in this place divided by the number of levels of this place that you've seen.
                   A       B       C       D       E      F
               +-------+-------+-------+-------+-------+----------------------
         Total | 100.0 | 100.0 |   0.0 |   0.0 |   0.0 | 223.7
       Dungeon |  96.1 |  96.1 |   0.0 |   0.0 |   0.0 | 243.7
        Temple |   0.2 |   0.2 |   0.0 |   0.0 |   0.0 |   7.0
        Bailey |   3.7 |   3.7 |   0.0 |   0.0 |   0.0 | 140.0
               +-------+-------+-------+-------+-------+----------------------

Table legend:
 A = Kills in this place as a percentage of kills in entire the game.
 B = Kills by you in this place as a percentage of kills by you in the entire game.
 C = Kills by friends in this place as a percentage of kills by friends in the entire game.
 D = Other kills in this place as a percentage of other kills in the entire game.
 E = Experience gained in this place as a percentage of experience gained in the entire game.
 F = Experience gained in this place divided by the number of levels of this place that you have seen.
                   A       B       C       D       E      F
               +-------+-------+-------+-------+-------+----------------------
         Total | 100.0 | 100.0 | 100.0 |   N/A | 100.0 | 1494.2
       Dungeon |  93.4 |  96.8 |  66.7 |   N/A |  98.4 | 1666.2
        Bailey |   6.6 |   3.2 |  33.3 |   N/A |   1.6 | 408.0
               +-------+-------+-------+-------+-------+----------------------

Vault maps used:
D:1:      dpeg_arrival_simpleton_b
D:3:      portal_sewer_entry_e, first_ration
D:4:      minmay_misc_feat_roman, uniq_eustachio, uniq_edmund
D:5:      gammafunk_temple_overflow_arena, uniq_blork_the_orc
D:7:      minmay_temple_entry_from_below_a, uniq_joseph
D:8:      blue_anna_alchemist, roderic_roman_lattice, grunt_ministairs_2
D:9:      dpeg_oklobed_lair, hangedman_glass_teeth
D:10:     enter_bailey_2, uniq_snorg, uniq_grum
D:11:     lightli_airlock, uniq_nergalle
D:12:     david_orc_3
D:13:     nicolae_blasting_shop
D:14:     david_vaults_5, hangedman_abyss_or_decor_stagger
D:15:     gammafunk_enter_depths_forms, serial_park_avenue1, uniq_josephine,
          uniq_roxanne, uniq_louise
Temple:   dpeg_three_leaves_temple
Bailey:   bailey_axe_3, bailey
